Map: Frozen Temple

Players

Jage

  • Race: Protoss Protoss
  • League: Grandmaster

EJK - Winner!

  • Race: Terran Terran
  • League: Master

VOD

Have the link to the VOD?

Description

Time

  • Played on: May 11, 2016, 12:21 p.m.
  • Length: 13:37
Show
View Real Time Build Order
Export as new Build Order

Jage Protoss 

Build Orders:  

Get SALT Encoding   

  12  0:00  Probe (Chrono Boost)  
  13  0:11  Probe (Chrono Boost)  
  14  0:17  Pylon  
  14  0:22  Probe (Chrono Boost)  
  15  0:35  Probe (Chrono Boost)  
  16  0:36  Gateway  
  16  0:42  Assimilator  
  16  0:46  Probe (Chrono Boost)  
  17  0:56  Probe (Chrono Boost)  
  18  1:07  Probe (Chrono Boost)  
  19  1:23  Cybernetics Core  
  19  1:25  Probe (Chrono Boost)  
  20  1:37  Pylon  
  20  1:41  Probe (Chrono Boost)  
  21  1:49  Nexus  
  21  2:00  Mothership Core (Chrono Boost)  
  21  2:01  Assimilator  
  23  2:09  Adept (Chrono Boost)  
  25  2:18  Probe  
  26  2:30  Probe  
  26  2:33  Warp Gate  
  26  2:34  Adept (Chrono Boost)  
  26  2:35  Pylon  
  26  2:36  Pylon  
  29  2:37  Pylon  
  29  2:44  Probe  
  29  2:56  Probe  
  30  3:04  Probe  
  30  3:06  Adept (Chrono Boost)  
  30  3:08  Probe  
  34  3:15  Probe  
  33  3:20  Probe  
  34  3:30  Adept (Chrono Boost)  
  36  3:44  Probe  
  36  3:47  Probe  
  38  3:51  Robotics Facility  
  38  3:54  Gateway  
  38  3:59  Probe  
  38  4:01  Gateway  
  37  4:04  Pylon  
  37  4:06  Sentry (Chrono Boost), Assimilator  
  37  4:08  Assimilator  
  39  4:21  Probe  
  40  4:24  Probe  
  40  4:25  Pylon  
  41  4:31  Pylon  
  41  4:34  Forge  
  41  4:35  Probe  
  42  4:39  Observer (Chrono Boost)  
  42  4:43  Twilight Council  
  42  4:44  Probe  
  43  4:49  Sentry  
  46  4:55  Adept, Probe  
  46  4:56  Probe  
  50  5:01  Sentry  
  50  5:03  Immortal (Chrono Boost)  
  50  5:06  Probe  
  56  5:08  Probe  
  56  5:13  Pylon  
  58  5:16  Probe  
  58  5:17  Protoss Ground Armor Level 1 (Chrono Boost)  
  58  5:20  Probe, Resonating Glaives  
  60  5:27  Probe  
  60  5:32  Probe  
  60  5:33  Stalker  
  60  5:35  Stalker  
  65  5:38  Probe  
  63  5:43  Stalker  
  65  5:50  Observer, Probe  
  65  5:52  Probe  
  67  6:02  Probe  
  67  6:03  Probe  
  68  6:04  Stalker  
  71  6:22  Probe x2  
  71  6:27  Adept x2  
  71  6:28  Sentry  
  77  6:33  Probe  
  78  6:43  Gateway  
  78  6:46  Gateway  
  78  7:08  Pylon  
  78  7:09  Pylon  
  78  7:10  Blink  
  78  7:11  Pylon  
  78  7:12  Protoss Ground Weapons Level 1 (Chrono Boost)  
  78  7:16  Nexus  
  78  7:25  Probe  
  78  7:26  Probe  
  78  7:27  Observer  
  78  7:28  Stalker  
  78  7:29  Stalker  
  85  7:30  Stalker  
  80  7:38  Probe  
  80  7:43  Probe  
  81  7:51  Probe  
  82  7:53  Probe  
  82  7:57  Adept x2  
  82  7:58  Adept  
  89  8:03  Probe  
  89  8:04  Probe  
  90  8:07  Immortal  
  94  8:14  Assimilator  
  94  8:17  Assimilator  
  94  8:21  Probe  
  94  8:22  Probe  
  94  8:24  Pylon  
  94  8:26  Probe  
  96  8:34  Probe  
  98  8:36  Probe  
  98  8:37  Probe  
  98  8:38  Templar Archives  
  100  8:46  Probe  
  101  8:50  Stalker  
  101  8:51  Stalker x2  
  100  9:07  Psionic Storm, Probe  
  100  9:09  Probe x2  
  102  9:15  Warp Prism  
  105  9:18  Probe  
  105  9:19  High Templar x3  
  105  9:20  High Templar  
  105  9:23  Probe  
  115  9:27  Probe  
  115  9:28  Probe  
  117  9:35  Probe  
  117  9:38  Probe  
  117  10:02  Stalker x3  
  117  10:03  Stalker  
  125  10:09  Gateway  
  125  10:10  Gateway  
  125  10:13  Gateway  
  125  10:16  Pylon  
  125  10:18  Pylon  
  125  10:24  Protoss Ground Armor Level 2  
  125  10:30  Robotics Bay  
  125  10:32  Robotics Facility  
  125  10:33  Probe x2  
  125  10:34  Probe  
  128  10:36  Photon Cannon  
  126  10:43  Probe  
  126  10:49  Pylon  
  127  10:57  Pylon  
  125  11:18  Stalker x5  
  133  11:19  Disruptor (Chrono Boost)  
  133  11:25  Disruptor (Chrono Boost)  
  128  11:42  Stalker  
  128  11:43  Stalker x7  
  142  12:07  Disruptor (Chrono Boost)  
  139  12:21  Archon  
  120  12:22  Disruptor (Chrono Boost)  
  120  12:23  Adept x6  
  120  12:24  Adept x2  
  98  12:42  Disruptor (Chrono Boost)  
  87  12:49  Stalker x5  
  87  12:50  Stalker x3  
  102  12:53  Disruptor (Chrono Boost)  
  92  13:14  Adept  
  92  13:15  Adept x6  
Show
View Real Time Build Order
Export as new Build Order

EJK Terran - Winner!

Build Orders: Liberator Opening, Reaper Expand, Mech 

Get SALT Encoding   

  12  0:00  SCV  
  13  0:13  SCV  
  14  0:18  Supply Depot  
  14  0:25  SCV  
  15  0:40  SCV  
  15  0:41  Barracks  
  16  0:44  Refinery  
  16  0:52  SCV  
  17  1:04  SCV  
  18  1:16  SCV  
  19  1:28  Orbital Command  
  19  1:29  Reaper  
  20  1:41  Command Center  
  20  1:48  Supply Depot  
  20  1:54  SCV  
  21  2:04  Marine, Bunker  
  21  2:07  SCV  
  23  2:21  Factory, Marine  
  24  2:24  SCV  
  25  2:32  Refinery  
  25  2:36  SCV  
  26  2:40  Marine  
  27  2:48  SCV  
  28  2:56  Orbital Command  
  28  2:58  Marine  
  28  3:00  SCV  
  28  3:05  Widow Mine  
  28  3:12  SCV  
  29  3:22  Barracks Reactor  
  29  3:24  SCV  
  30  3:28  Starport  
  30  3:32  SCV  
  31  3:40  SCV  
  31  3:48  SCV  
  31  3:54  SCV  
  33  3:57  Liberator  
  33  4:00  Factory Tech Lab  
  33  4:01  SCV  
  33  4:02  Armory  
  34  4:06  SCV  
  34  4:07  Marine x2  
  39  4:18  SCV x2  
  39  4:25  Widow Mine  
  39  4:30  Marine x2  
  39  4:31  SCV x2  
  45  4:41  Supply Depot  
  45  4:43  Supply Depot  
  45  4:52  Drilling Claws  
  45  4:57  Marine  
  46  5:02  Widow Mine  
  46  5:03  Factory, Marine, SCV x2  
  46  5:05  Refinery  
  46  5:06  Refinery, Supply Depot  
  51  5:14  Viking  
  53  5:16  Marine  
  53  5:20  Marine  
  55  5:22  SCV x2  
  57  5:30  Supply Depot  
  57  5:32  Widow Mine  
  57  5:34  SCV x2  
  61  5:36  Marine  
  62  5:44  Engineering Bay  
  62  5:46  SCV  
  66  5:52  Medivac  
  66  5:53  SCV  
  66  5:59  SCV  
  67  6:07  Widow Mine x2  
  67  6:10  Thor  
  77  6:12  Supply Depot  
  77  6:13  Supply Depot  
  77  6:15  SCV  
  78  6:20  SCV  
  76  6:28  Command Center  
  76  6:36  Widow Mine x2  
  76  6:37  Medivac  
  82  6:40  SCV x2  
  84  6:49  Barracks Tech Lab  
  84  6:53  SCV x2  
  86  6:54  Factory, Terran Vehicle Weapons Level 1  
  86  7:00  Siege Tank  
  89  7:04  Supply Depot  
  89  7:09  SCV x2  
  89  7:11  Medivac  
  93  7:19  Missile Turret  
  93  7:25  SCV x2  
  93  7:28  Barracks Tech Lab  
  95  7:35  Siege Tank  
  95  7:36  Hellion x2  
  102  7:37  SCV x2  
  104  7:50  Starport Reactor, Orbital Command  
  100  7:53  SCV x2  
  100  7:57  Stimpack  
  100  7:58  Marauder  
  100  8:02  Hellion x2, Barracks x2  
  104  8:07  Refinery x2, Orbital Command  
  104  8:09  SCV x2  
  104  8:11  Barracks  
  106  8:14  Siege Tank  
  106  8:18  Siege Tank  
  112  8:20  Marauder  
  114  8:29  Hellion  
  114  8:30  Hellion  
  114  8:31  Medivac x2  
  122  8:36  SCV x3  
  122  8:39  Supply Depot  
  125  8:44  Supply Depot  
  125  9:01  Marauder, SCV x3  
  125  9:10  Barracks Reactor x3  
  125  9:11  Terran Vehicle Weapons Level 2  
  125  9:12  Terran Infantry Weapons Level 1  
  125  9:13  Supply Depot, SCV  
  124  9:20  Medivac x2  
  124  9:23  Marauder  
  130  9:26  Infernal Pre-Igniter  
  130  9:28  Hellion  
  130  9:29  Hellion x3  
  130  9:31  Refinery x2  
  137  9:44  Marauder, Supply Depot  
  139  9:45  Supply Depot  
  139  9:46  Supply Depot  
  139  9:48  Marine x4  
  139  9:49  Marine x2  
  145  9:57  Combat Shields  
  144  10:01  Hellion x2  
  144  10:04  SCV  
  144  10:05  Marine  
  144  10:06  Hellion x2, Marine x4  
  160  10:07  Marine  
  160  10:11  Medivac  
  160  10:14  Medivac  
  163  10:26  Hellion x2, Marine  
  163  10:27  Marine x6  
  174  10:29  Liberator x2  
  174  10:44  Marine  
  174  10:47  Marine x6  
  186  11:02  Marine  
  187  11:05  Marine x2  
  189  11:14  Liberator  
  189  11:15  Marine x4  
  189  11:16  Concussive Shells  
  189  11:20  Liberator  
  189  11:31  Marine  
  189  11:32  Hellion  
  189  11:45  Command Center  
  189  11:59  Marine x2  
  189  12:00  Hellion  
  189  12:01  Marine  
  189  12:09  Marauder, Marine x3  
  177  12:17  Marine x2  
  177  12:19  Marine  
  155  12:24  SCV  
  155  12:27  Marine x3  
  144  12:31  Marauder  
  144  12:35  Marine x2  
  144  12:36  Marine  
  139  12:43  Thor x2  
  145  12:45  Marine x3  
  148  12:52  Marauder  
  148  12:53  Marine x2  
  148  12:54  Marine  
  153  13:02  Marine x3  
  153  13:11  Marine x2  
  153  13:12  Marine  
  153  13:13  Marauder  
Tags
 
Add a new tag
Caveats
  • Supply blocks, unpowered buildings, or Contaminate may cause inaccurate times.
  • Supply counts are checked every 10 seconds.